[Event "Early-Titled-Tuesday-Blitz-February-06-2024"]
[Site "Chess.com"]
[Date "2024.02.06"]
[Round "9"]
[White "ChainedDowntohell"]
[Black "ExchangeAB"]
[Result "1-0"]
[WhiteElo "2556"]
[BlackElo "2429"]
[TimeControl "180+1"]
[EndTime "9:43:34 PST"]
[Termination "ChainedDowntohell won by resignation"]

1. d4 Nf6 2. c4 c6 3. Bg5 d5 4. Bxf6 gxf6 5. e3 Bf5 6. Nc3 e6 7. Bd3 Bg6 8. Nge2 Nd7 9. O-O a6 10. Rc1 Bd6 11. f4 Bxd3 12. Qxd3 f5 13. c5 Bc7 14. b4 Qh4 15. Kh1 Rg8 16. a4 Nf6 17. Ng1 Kd7 18. Nf3 Qh5 19. b5 axb5 20. axb5 Ra3 21. b6 Bb8 22. Ra1 Rxc3 23. Qxc3 Ne4 24. Qc2 Ng3+ 25. Kg1 Nxf1 26. Kxf1 Qg4 27. Ra8 h5 28.
Rxb8 Rxb8 29. Ne5+ Ke7 30. Nxg4 hxg4 31. Qa2 Kd8 32. Qa7 Kc8 33. h4 gxh3 34. gxh3 1-0

[Event "Early-Titled-Tuesday-Blitz-February-06-2024"]
[Site "Chess.com"]
[Date "2024.02.06"]
[Round "9"]
[White "RianKapriaga"]
[Black "VitaliyChayka"]
[Result "0-1"]
[WhiteElo "2282"]
[BlackElo "2415"]
[TimeControl "180+1"]
[EndTime "9:43:34 PST"]
[Termination "VitaliyChayka won by checkmate"]

1. d4 d6 2. Nf3 Nd7 3. Nc3 e5 4. e4 Ngf6 5. Be2 Be7 6. O-O O-O 7. a4 a5 8. Re1 c6 9. Bf1 exd4 10. Nxd4 Nc5 11.
Qf3 Be6 12. b3 Qb6 13. Bb2 Rfe8 14. Rad1 Rad8 15. h3 d5 16. exd5 Nxd5 17. Nxd5 Bxd5 18. Qg3 Bf6 19. Ba1 Ne4 20. Qg4 Qb4 21. Nf5 Bxa1 22.
Rxa1 g6 23. Bd3 h5 24. Qh4 gxf5 25. Qxh5 Qd4 26. Qxf5 Nd6 27. Qh7+ Kf8 28. Rxe8+ Nxe8 29. Re1 Qg7 30. Qh5 Qxg2# 0-1

[Event "Early-Titled-Tuesday-Blitz-February-06-2024"]
[Site "Chess.com"]
[Date "2024.02.06"]
[Round "9"]
[White "gmcorrales"]
[Black "lilleper1"]
[Result "0-1"]
[WhiteElo "2872"]
[BlackElo "2929"]
[TimeControl "180+1"]
[EndTime "9:43:35 PST"]
[Termination "lilleper1 won by checkmate"]

1. e4 c5 2. Nf3 d6 3. d4 cxd4 4. Nxd4 Nf6 5. Nc3 a6 6. Bg5 Nbd7 7. Qe2 b5 8. O-O-O Bb7 9. a3 Rc8 10. Bd2 e6 11. Kb1 Qb6 12. Nb3 Ne5 13. Be3 Qc7 14.
Bd4 Be7 15. g4 Nexg4 16. Rg1 e5 17. Rxg4 exd4 18. Nxd4 Nxg4 19. Qxg4 O-O 20. Nf5 g6 21. Bd3 Bf6 22. Ne2 d5 23. exd5 Bxd5 24. Nf4 Qe5 25. c3 Rxc3 26. bxc3 Qxc3 27. Ne7+ Kh8 28. Qe2 Qa1+ 29. Kc2 Qb2# 0-1

[Event "Early-Titled-Tuesday-Blitz-February-06-2024"]
[Site "Chess.com"]
[Date "2024.02.06"]
[Round "9"]
[White "maximnovik"]
[Black "N4700000"]
[Result "1-0"]
[WhiteElo "2595"]
[BlackElo "2426"]
[TimeControl "180+1"]
[EndTime "9:43:36 PST"]
[Termination "maximnovik won on time"]

1. e4 d6 2. d4 Nf6 3. Nc3 e5 4. Nf3 Nbd7 5. Bc4 Be7 6. O-O O-O 7.
Re1 exd4 8. Nxd4 Nb6 9. Bf1 c5 10. Nde2 d5 11. exd5 Nbxd5 12. Nxd5 Nxd5 13. c3 Be6 14. g3 Qb6 15. Bg2 Rfd8 16. Qc2 Rd7 17. Nf4 Nxf4 18. Bxf4 Rad8 19. h4 h6 20. Be4 Bf6 21. Qe2 Bd5 22. Bc2 Qe6 23. Qd3 g5 24. Qh7+ Kf8 25.
Rxe6 Bxe6 26. Qxh6+ Bg7 27. Qxg5 1-0

[Event "Early-Titled-Tuesday-Blitz-February-06-2024"]
[Site "Chess.com"]
[Date "2024.02.06"]
[Round "9"]
[White "Jojo_898"]
[Black "Nouali_Mohamed"]
[Result "1-0"]
[WhiteElo "2464"]
[BlackElo "2552"]
[TimeControl "180+1"]
[EndTime "9:43:39 PST"]
[Termination "Jojo_898 won on time"]

1. e4 c5 2. Nf3 Nc6 3. c3 d5 4.
exd5 Qxd5 5. d4 Bg4 6. Be2 e6 7.
O-O Nf6 8. Be3 cxd4 9. cxd4 Bd6 10. Nc3 Qh5 11. Re1 Bxf3 12. Bxf3 Qxh2+ 13. Kf1 O-O 14. Ne4 Nxe4 15. Bxe4 Rad8 16. Qf3 Nb4 17. Ke2 f5 18.
Rh1 fxe4 19. Qxe4 Qxh1 20. Rxh1 h6 21. Qxe6+ Rf7 22. Rh3 Bf8 23. Rf3 Rd7 24. Rg3 Re7 25.
Qb3 Nc6 26. Kf1 a5 27. Qc4 Kh8 28. Qb5 Rd7 29. Qh5 Bd6 30. Bxh6 gxh6 31. Qxh6+ Rh7 32. Qf6+ Rhg7 33. Rxg7 Rxg7 34. Qxd6 Kh7 35. Qh2+ Kg8 36. d5 Ne7 37. Qb8+ Kh7 38. Qxb7 Ng6 39. Qb5 1-0

[Event "Early-Titled-Tuesday-Blitz-February-06-2024"]
[Site "Chess.com"]
[Date "2024.02.06"]
[Round "9"]
[White "TV27"]
[Black "rhungaski"]
[Result "0-1"]
[WhiteElo "2173"]
[BlackElo "2494"]
[TimeControl "180+1"]
[EndTime "9:43:40 PST"]
[Termination "rhungaski won by resignation"]

1. e4 g6 2. d4 Bg7 3. c3 d6 4.
Be2 Nd7 5. h4 h6 6. Be3 Ngf6 7.
Nd2 e5 8. Qb3 a5 9. Nh3 O-O 10.
g4 exd4 11. cxd4 Re8 12. Qc2 d5 13. e5 Ne4 14. Nxe4 dxe4 15. g5 h5 16. Qxe4 Nb6 17. Qc2 Bf5 18. Qc3 Nd5 19. Qa3 Nb4 20. Bd1 Qd5 21. Nf4 Qxh1+ 22. Ke2 Rad8 23. Bb3 Bg4+ 24. Kd2 Qf3 25. Qxa5 Nc6 26. Qxc7 Nxe5 27. Kc2 Rc8 28. Kb1 Rxc7 0-1

[Event "Early-Titled-Tuesday-Blitz-February-06-2024"]
[Site "Chess.com"]
[Date "2024.02.06"]
[Round "9"]
[White "Nick12772"]
[Black "Chemim21"]
[Result "0-1"]
[WhiteElo "2370"]
[BlackElo "2251"]
[TimeControl "180+1"]
[EndTime "9:43:41 PST"]
[Termination "Chemim21 won by checkmate"]

1. Nf3 d5 2. g3 c6 3. Bg2 Bf5 4. O-O e6 5. c4 h6 6. b3 Nf6 7.
Bb2 Be7 8. d3 Nbd7 9. Nbd2 O-O 10.
Re1 a5 11. a3 Bh7 12. e4 Nc5 13. e5 Nfd7 14. cxd5 cxd5 15. Bf1 Bxd3 16. b4 Bxf1 17.
bxc5 Bh3 18. Bd4 Bxc5 19. Nb3 Bxd4 20. Nbxd4 Nc5 21. Rc1 Ne4 22. Qb3 Rb8 23. a4 Qe7 24. Qb5 Qb4 25. Qxb4 axb4 26. Rb1 Nc5 27. Re3 Nxa4 28.
Rxb4 Nc5 29. Rc3 Rfc8 30. Ne2 Ne4 31. Rcb3 Rc2 32. Nfd4 Rd2 33. f3 Rd1# 0-1

[Event "Early-Titled-Tuesday-Blitz-February-06-2024"]
[Site "Chess.com"]
[Date "2024.02.06"]
[Round "9"]
[White "platy3"]
[Black "baki83"]
[Result "1-0"]
[WhiteElo "2933"]
[BlackElo "2804"]
[TimeControl "180+1"]
[EndTime "9:43:42 PST"]
[Termination "platy3 won by resignation"]

1. e4 c5 2. Nf3 Nc6 3. d4 cxd4 4.
Nxd4 Nf6 5. Nc3 d6 6. Bg5 e6 7.
Qd2 a6 8. O-O-O Bd7 9. Kb1 Be7 10. f3 Qc7 11. h4 h5 12. Nxc6 Bxc6 13. Ne2 b5 14.
Nd4 Bd7 15. Bd3 Rb8 16. Rhe1 Qc5 17. Be3 Qc7 18. Qf2 a5 19. Qg3 a4 20. Bc1 g6 21.
e5 dxe5 22. Rxe5 Nd5 23. Qe1 b4 24. Nxe6 Bxe6 25. Rxe6 Nc3+ 26. bxc3 bxc3+ 27. Ka1 O-O 28. Rxe7 Qb6 29. Ba3 1-0

[Event "Early-Titled-Tuesday-Blitz-February-06-2024"]
[Site "Chess.com"]
[Date "2024.02.06"]
[Round "9"]
[White "LeoWin2012"]
[Black "IsaqueGoncalvesSanto"]
[Result "0-1"]
[WhiteElo "2136"]
[BlackElo "1868"]
[TimeControl "180+1"]
[EndTime "9:43:43 PST"]
[Termination "IsaqueGoncalvesSanto won by resignation"]

1. e4 e6 2. d4 d5 3. Nc3 Bb4 4. e5 Qd7 5. Qg4 f5 6. Qg3 b6 7.
h4 Ba6 8. Bxa6 Nxa6 9. h5 Nh6 10.
Bxh6 gxh6 11. Ne2 O-O-O 12. O-O-O c5 13. Qf4 Rdg8 14. g3 Rg4 15. Qxh6 cxd4 16. f3 Bf8 17. Qd2 dxc3 18. Qxc3+ Rc4 19. Qd2 Nb4 20. Nc3 d4 21.
Kb1 Qc6 22. a3 Nxc2 23. Kxc2 Bxa3 24. bxa3 Rxc3+ 25. Kb1 Qb5+ 26. Ka1 Rxa3+ 27. Qa2 Rxa2+ 28. Kxa2 Qa4+ 29. Kb2 Qb4+ 30. Ka2 Qc4+ 31. Kb2 Qc3+ 32. Ka2 Qc2+ 33. Ka3 Kb7 34. Rxd4 Qc3+ 35. Ka2 Qxd4 36. h6 Rc8 37. Rc1 Rxc1 38. Kb3 Rc3+ 39. Kb2 Qd2+ 0-1

[Event "Early-Titled-Tuesday-Blitz-February-06-2024"]
[Site "Chess.com"]
[Date "2024.02.06"]
[Round "9"]
[White "The_Straightforward_Rook"]
[Black "tandaleo"]
[Result "1-0"]
[WhiteElo "2418"]
[BlackElo "2531"]
[TimeControl "180+1"]
[EndTime "9:43:44 PST"]
[Termination "The_Straightforward_Rook won by resignation"]

1. e4 g6 2. d4 d6 3. c4 Bg7 4. Nc3 e5 5. d5 Nd7 6. h4 h6 7.
Bd3 Ne7 8. Nge2 Nc5 9. Bc2 a5 10. b3 f5 11. h5 g5 12. exf5 Nxf5 13. Bb2 O-O 14. Qd2 Nd4 15. Bg6 Qf6 16. Ng3 Qf4 17. Qxf4 exf4 18. Nge2 Re8 19. Rb1 Re7 20. Kf1 Nxe2 21. Nxe2 Bxb2 22. Rxb2 Bd7 23. Nd4 Be8 24. Re2 Bxg6 25. Rxe7 Bd3+ 26. Ke1 Kf8 27. Rxc7 Re8+ 28.
Ne6+ Nxe6 29. dxe6 Rxe6+ 30. Kd2 Bf5 31. Re1 Rxe1 32.
Kxe1 Bg4 33. Rxb7 Bxh5 34. Ra7 Be8 35. Rxa5 Bc6 36. f3 h5 37. Rxg5 1-0

[Event "Early-Titled-Tuesday-Blitz-February-06-2024"]
[Site "Chess.com"]
[Date "2024.02.06"]
[Round "9"]
[White "Bkmzzzzz"]
[Black "Kunalm64"]
[Result "0-1"]
[WhiteElo "2384"]
[BlackElo "2557"]
[TimeControl "180+1"]
[EndTime "9:43:45 PST"]
[Termination "Kunalm64 won by checkmate"]

1. e4 c6 2. d4 d5 3. Nc3 a6 4. e5 c5 5. f4 Nc6 6. Nf3 Bg4 7. dxc5 e6 8. Na4 Bxf3 9. gxf3 Bxc5 10. Nxc5 Qa5+ 11.
c3 Qxc5 12. Bd3 Nge7 13. Qe2 Qa5 14. Bd2 Qc7 15. O-O-O b5 16. Kb1 Na5 17. f5 Nxf5 18. Bxf5 exf5 19. Qd3 O-O 20. Qxf5 Rfe8 21. Bf4 Qc6 22.
Rhg1 Qe6 23. Qh5 Nc4 24. Rde1 b4 25. cxb4 Rab8 26. a3 a5 27. Rg5 axb4 28. a4 g6 29. Qh6 Qb6 30. Rg3 Qd4 31. Rh3 Qxb2# 0-1

[Event "Early-Titled-Tuesday-Blitz-February-06-2024"]
[Site "Chess.com"]
[Date "2024.02.06"]
[Round "9"]
[White "BashirliSaadat"]
[Black "mary-sanna"]
[Result "1-0"]
[WhiteElo "2335"]
[BlackElo "2190"]
[TimeControl "180+1"]
[EndTime "9:43:47 PST"]
[Termination "BashirliSaadat won by resignation"]

1. d4 d5 2. e3 Nf6 3. Bd3 c5 4. c3 Bg4 5. f3 Bh5 6. Ne2 e6 7. O-O Bd6 8. Ng3 Bg6 9. e4 Bxg3 10. hxg3 dxe4 11. fxe4 Nxe4 12. Qf3 Qd5 13. Be3 O-O 14. c4 Qc6 15. dxc5 Nd7 16. b4 Ndf6 17. Bf4 Rad8 18.
Be2 Bh5 19. Qe3 Bxe2 20. Qxe2 g5 21. Be5 Nxg3 22. Bxg3 Kg7 23. Be5 1-0

[Event "Early-Titled-Tuesday-Blitz-February-06-2024"]
[Site "Chess.com"]
[Date "2024.02.06"]
[Round "9"]
[White "andrzej"]
[Black "flomarechot"]
[Result "1-0"]
[WhiteElo "2426"]
[BlackElo "2300"]
[TimeControl "180+1"]
[EndTime "9:43:48 PST"]
[Termination "andrzej won on time"]

1. e4 d6 2. d4 Nf6 3. Nc3 e5 4. Nf3 Nbd7 5. Bc4 Be7 6. O-O O-O 7. a4 c6 8. Re1 b6 9. d5 Bb7 10. dxc6 Bxc6 11. Bg5 Qc7 12. Qe2 Bb7 13. Nb5 Qb8 14. Nd2 a6 15. Nc3 Qc7 16. Nf1 Rfc8 17. Bb3 h6 18.
Bxf6 Nxf6 19. Ne3 Nxe4 20. Ncd5 Qd8 21. Nxe7+ Qxe7 22. Nd5 Bxd5 23. Bxd5 Nf6 24. Bxa8 Rxa8 25. Rad1 a5 26. Qb5 Qc7 27. c3 Rd8 28. h3 g6 29. Rd2 d5 30. Rde2 e4 31. Rd1 Kg7 32. Red2 Rd6 33. Qe2 Qd7 34. Qe3 Qxa4 35. Qf4 Qd7 36.
Qe5 Kh7 37. c4 Re6 38. Qb8 1-0

[Event "Early-Titled-Tuesday-Blitz-February-06-2024"]
[Site "Chess.com"]
[Date "2024.02.06"]
[Round "9"]
[White "Juwen"]
[Black "Anton_Demchenko"]
[Result "1-0"]
[WhiteElo "2614"]
[BlackElo "2879"]
[TimeControl "180+1"]
[EndTime "9:43:49 PST"]
[Termination "Juwen won by resignation"]

1. d4 Nf6 2. c4 d6 3. Nf3 Nc6 4. g3 e5 5. dxe5 dxe5 6. Qxd8+ Kxd8 7. Bg5 Be6 8. Nbd2 Kc8 9. Bxf6 gxf6 10. O-O-O a5 11.
e3 a4 12. a3 Be7 13. h4 f5 14. Ng5 e4 15. Nxe6 fxe6 16. g4 Rf8 17. gxf5 exf5 18.
Be2 Bf6 19. f3 Ra6 20. Kc2 exf3 21. Nxf3 Rb6 22. Nd4 Re8 23. Nb5 Ne5 24. Rhf1 Bxh4 25. Rxf5 Rf6 26. Rh5 Rf2 27. Rd2 Be7 28. Rxe5 Kb8 29.
Rxe7 1-0

[Event "Early-Titled-Tuesday-Blitz-February-06-2024"]
[Site "Chess.com"]
[Date "2024.02.06"]
[Round "9"]
[White "Attacker_2006"]
[Black "mkllnd1517"]
[Result "1-0"]
[WhiteElo "2483"]
[BlackElo "2350"]
[TimeControl "180+1"]
[EndTime "9:43:51 PST"]
[Termination "Attacker_2006 won by checkmate"]

1. e4 e6 2. Nf3 d5 3. exd5 exd5 4. d4 Nf6 5. h3 Bd6 6. Bd3 O-O 7. O-O h6 8. c3 c5 9. Re1 Nc6 10. dxc5 Bxc5 11.
Be3 Bd6 12. Qc2 Bd7 13. Nbd2 Rc8 14. a3 Re8 15. Bf5 Bxf5 16. Qxf5 Ne4 17. Nxe4 dxe4 18. Nd4 Re5 19. Qg4 h5 20. Qe2 Ne7 21. Bf4 Rd5 22.
Bxd6 Qxd6 23. Qxe4 Ng6 24. Rad1 Rd8 25. Nf5 Qc6 26. Rxd5 Rxd5 27. Ne7+ Nxe7 28. Qxe7 Rd2 29. Re2 Rd1+ 30. Kh2 Qg6 31. Qxb7 Rd6 32. Re8+ Kh7 33. Qe4 f5 34. Qa8 Qg5 35. Rh8+ Kg6 36. Qe8+ Kf6 37. Rf8# 1-0

[Event "Early-Titled-Tuesday-Blitz-February-06-2024"]
[Site "Chess.com"]
[Date "2024.02.06"]
[Round "9"]
[White "TokChess"]
[Black "SergioMoralesG"]
[Result "0-1"]
[WhiteElo "2564"]
[BlackElo "2467"]
[TimeControl "180+1"]
[EndTime "9:43:52 PST"]
[Termination "SergioMoralesG won by resignation"]

1. e4 c5 2. Nf3 e6 3. a4 Nc6 4. Bb5 Qc7 5. O-O a6 6. Bc4 Nf6 7. Re1 Be7 8. d3 d5 9. exd5 exd5 10. Bb3 O-O 11. Bg5 Be6 12. Nc3 Rad8 13. Bh4 Na5 14.
Ba2 c4 15. Bg3 Qb6 16. Ng5 Qxb2 17. Nxe6 fxe6 18. Be5 Bd6 19. Bd4 e5 20. Rxe5 Bxe5 21. Bxe5 Nc6 22. Bxf6 Rxf6 23. Ne2 Nb4 24. Rb1 Qxa2 25.
Rxb4 cxd3 26. cxd3 Re8 27. Ng3 Qxf2+ 0-1

[Event "Early-Titled-Tuesday-Blitz-February-06-2024"]
[Site "Chess.com"]
[Date "2024.02.06"]
[Round "9"]
[White "Alexchess1984"]
[Black "SarochaChuemsakul"]
[Result "1-0"]
[WhiteElo "2649"]
[BlackElo "2431"]
[TimeControl "180+1"]
[EndTime "9:43:52 PST"]
[Termination "Alexchess1984 won by checkmate"]

1. e4 g6 2. d4 Bg7 3. Nc3 a6 4. a4 c6 5. Bc4 e6 6. Nf3 d5 7.
Bd3 dxe4 8. Nxe4 Nf6 9. Bg5 h6 10. Bxf6 Bxf6 11. Nxf6+ Qxf6 12. O-O O-O 13. a5 Kg7 14.
Qd2 Rd8 15. Rfe1 Nd7 16. b4 Nf8 17. c3 Bd7 18. Ne5 Be8 19. Re3 h5 20. Rf3 Qe7 21. Re1 Nd7 22. Nc4 Rab8 23. Qf4 Nf6 24. Qe5 Rbc8 25.
Nb6 Rb8 26. Re4 c5 27. bxc5 Bc6 28. d5 Bxd5 29. Nxd5 Rxd5 30. Qxb8 Nxe4 31. c4 Qxc5 32. cxd5 Qc1+ 33. Bf1 Nd2 34. Qe5+ Kh7 35. Rxf7+ Kh6 36. Qf4+ g5 37. Qf6# 1-0

[Event "Early-Titled-Tuesday-Blitz-February-06-2024"]
[Site "Chess.com"]
[Date "2024.02.06"]
[Round "9"]
[White "frequentblunders"]
[Black "Canal_Showdrez"]
[Result "1-0"]
[WhiteElo "2173"]
[BlackElo "2036"]
[TimeControl "180+1"]
[EndTime "9:43:52 PST"]
[Termination "frequentblunders won by checkmate"]

1. d3 d6 2. f4 Nf6 3. Nf3 g6 4. g3 Bg7 5. Bg2 h5 6. O-O O-O 7. e4 c5 8. c4 Nc6 9. Nc3 Nd4 10. h3 Bd7 11. Be3 Nxf3+ 12. Qxf3 Bc6 13. Kh2 e6 14. Rae1 Nd7 15. g4 hxg4 16. hxg4 f5 17. g5 Kf7 18. Kg3 Rh8 19. Rh1 Qa5 20. Nd5 Qxa2 21. exf5 exd5 22. fxg6+ Kg8 23. cxd5 Bb5 24. Rxh8+ Bxh8 25. Bh3 Nf8 26.
f5 Re8 27. f6 Re5 28. f7+ Kg7 29. Qf6# 1-0

[Event "Early-Titled-Tuesday-Blitz-February-06-2024"]
[Site "Chess.com"]
[Date "2024.02.06"]
[Round "9"]
[White "Sattarov_Bobur"]
[Black "HansOnTwitch"]
[Result "0-1"]
[WhiteElo "2801"]
[BlackElo "3168"]
[TimeControl "180+1"]
[EndTime "9:43:53 PST"]
[Termination "HansOnTwitch won by resignation"]

1. e4 c5 2. Nf3 d6 3. d4 cxd4 4. Nxd4 Nf6 5. Nc3 a6 6. a3 Nc6 7. Bc4 e6 8. O-O Be7 9. Be3 O-O 10. Ba2 Nxd4 11. Qxd4 b5 12. f4 Bb7 13.
f5 e5 14. Qd3 Rc8 15. Bg5 Rxc3 16. bxc3 Nxe4 17. Bxe7 Qxe7 18. Rae1 d5 19. Kh1 Qc5 20. Rxe4 dxe4 21. Qg3 Rd8 22. f6 g6 23. Qh4 Qf8 24.
Qg5 Bd5 25. Bb3 Bxb3 26. cxb3 h6 27. Qxe5 Re8 28. Qd4 Qxa3 29. b4 Qa2 30. Re1 Qe6 31. Re3 g5 32. h3 Kh7 33. Kg1 h5 34. Kf2 h4 35. Kg1 Kg6 36. Kh2 Qe5+ 37. Qxe5 Rxe5 38. Kg1 Kxf6 0-1

[Event "Early-Titled-Tuesday-Blitz-February-06-2024"]
[Site "Chess.com"]
[Date "2024.02.06"]
[Round "9"]
[White "verrbaa"]
[Black "Semetey"]
[Result "1-0"]
[WhiteElo "2507"]
[BlackElo "2614"]
[TimeControl "180+1"]
[EndTime "9:43:54 PST"]
[Termination "verrbaa won by resignation"]

1. e4 e5 2. Nf3 Nc6 3. Bb5 a6 4. Ba4 Nf6 5. O-O Be7 6. Re1 b5 7. Bb3 O-O 8. d4 d6 9. c3 Bg4 10.
Be3 Bxf3 11. Qxf3 exd4 12. cxd4 Na5 13. Bc2 c5 14. e5 dxe5 15. dxe5 Nd5 16. Rd1 Nxe3 17.
Rxd8 Nxc2 18. Rxa8 Nxa1 19. Rxf8+ Bxf8 20. Qd1 Nc4 21. Nc3 Nxb2 22. Qxa1 Nd3 23. Nd5 c4 24. g3 Bc5 25.
Ne3 g6 26. Kg2 Ba3 27. f4 Bb2 28. Qd1 Bd4 29. Kf3 h5 30. a4 Kg7 31. axb5 axb5 32. Qb1 Bb2 33. Nd5 Nc5 34. Qxb2 1-0

[Event "Early-Titled-Tuesday-Blitz-February-06-2024"]
[Site "Chess.com"]
[Date "2024.02.06"]
[Round "9"]
[White "Talent-OF-Slovenia"]
[Black "AldokhinIvan"]
[Result "0-1"]
[WhiteElo "2457"]
[BlackElo "2622"]
[TimeControl "180+1"]
[EndTime "9:43:55 PST"]
[Termination "AldokhinIvan won by resignation"]

1. e4 c5 2. Nf3 e6 3. d4 cxd4 4. Nxd4 a6 5. Nc3 Nf6 6. Bd3 Qc7 7. O-O d6 8. Re1 Be7 9. Be3 b5 10. a3 Bb7 11. h3 Nbd7 12. Qe2 O-O 13. Rad1 Rac8 14.
Nb3 Nc5 15. Bxc5 dxc5 16. e5 c4 17. Bxc4 bxc4 18. exf6 Bxf6 19. Nd4 Rfd8 20. Nf3 Qb6 21. Na4 Qb5 22. Nc3 Qxb2 23. Ne4 Bxe4 24. Qxe4 Rxd1 25.
Rxd1 Qxa3 26. Qb7 Rf8 27. Qc6 Qc3 28. Qe4 a5 29. g4 g6 30. h4 a4 31. g5 Bg7 32. h5 a3 33. h6 Bh8 34. Qb7 a2 35.
Kg2 a1=Q 36. Rd7 Qa8 37. Qc7 Qaxf3+ 0-1

[Event "Early-Titled-Tuesday-Blitz-February-06-2024"]
[Site "Chess.com"]
[Date "2024.02.06"]
[Round "9"]
[White "Jumbo"]
[Black "Djager97"]
[Result "1-0"]
[WhiteElo "2846"]
[BlackElo "2621"]
[TimeControl "180+1"]
[EndTime "9:43:56 PST"]
[Termination "Jumbo won by resignation"]

1. d4 Nf6 2. Nf3 d5 3. Bf4 c5 4. e3 Nc6 5. Nbd2 Qb6 6. dxc5 Qxb2 7. Rb1 Qc3 8. Bb5 g6 9. O-O Bg7 10. Ne5 Qxc5 11. c4 O-O 12. Nb3 Qb6 13. Bxc6 bxc6 14. Nd4 Qa6 15. Ndxc6 dxc4 16. Nxe7+ Kh8 17. Qf3 Be6 18.
Rbd1 Rad8 19. Rxd8 Rxd8 20. Bg5 c3 21. Qxf6 Rf8 22.
Ng4 c2 23. Qxg7+ 1-0

[Event "Early-Titled-Tuesday-Blitz-February-06-2024"]
[Site "Chess.com"]
[Date "2024.02.06"]
[Round "9"]
[White "bescmelasti"]
[Black "Casper"]
[Result "1-0"]
[WhiteElo "2688"]
[BlackElo "2525"]
[TimeControl "180+1"]
[EndTime "9:43:59 PST"]
[Termination "bescmelasti won on time"]

1. e4 g6 2. d4 Bg7 3. Nc3 d6 4. Be3 f5 5. Nf3 Nf6 6. exf5 Bxf5 7. Bc4 d5 8. Bb3 O-O 9. O-O Kh8 10. Ne5 c6 11. Ne2 Nbd7 12. c4 Nxe5 13. dxe5 Ng4 14. Bd4 dxc4 15. Bxc4 Nxe5 16. Bb3 Nd3 17. Bxg7+ Kxg7 18. Ng3 Qd4 19. Qe2 e5 20. Rad1 Rad8 21. Bc2 e4 22. h4 h5 23. Rfe1 Bg4 24. Qxe4 Qxe4 25. Nxe4 Bxd1 26. Rxd1 Nxb2 27. Rb1 Nc4 28. Rxb7+ Kh8 29.
Ng5 Rb8 30. Rh7+ Kg8 31. Bxg6 Ne5 32. Bc2 c5 33. Be4 Rbd8 34. f3 1-0

[Event "Early-Titled-Tuesday-Blitz-February-06-2024"]
[Site "Chess.com"]
[Date "2024.02.06"]
[Round "9"]
[White "Balla_Tamas"]
[Black "Viktor_Poddubnyi"]
[Result "1-0"]
[WhiteElo "2404"]
[BlackElo "2256"]
[TimeControl "180+1"]
[EndTime "9:43:59 PST"]
[Termination "Balla_Tamas won on time"]

1. e4 g6 2. d4 Bg7 3. Nc3 d6 4.
f4 Nf6 5. Nf3 c5 6. Be3 cxd4 7.
Bxd4 Nc6 8. Bb5 O-O 9. Bxc6 bxc6 10. O-O c5 11. Bf2 Ng4 12. Bg3 Ne3 13. Qd2 Nxf1 14. Rxf1 Rb8 15. Nd5 Rxb2 16. Bh4 Rb7 17. f5 Rd7 18.
Ne1 Bb7 19. f6 exf6 20. Bxf6 Qe8 21. Bxg7 Kxg7 22. Nf6 Qe6 23. Qc3 Re7 24. Ne8+ Kh6 25. Qg7+ Kg5 26. h4+ Kg4 27. Nf6+ 1-0

[Event "Early-Titled-Tuesday-Blitz-February-06-2024"]
[Site "Chess.com"]
[Date "2024.02.06"]
[Round "9"]
[White "nikitadovbnya2008"]
[Black "Rawnsdale"]
[Result "1-0"]
[WhiteElo "2310"]
[BlackElo "2499"]
[TimeControl "180+1"]
[EndTime "9:44:00 PST"]
[Termination "nikitadovbnya2008 won by resignation"]

1. e4 c6 2. d4 d5 3. f3 dxe4 4.
fxe4 e5 5. Nf3 exd4 6. Bc4 Nf6 7. O-O Nbd7 8. c3 d3 9. e5 Bc5+ 10. Kh1 Ng4 11. Bxf7+ Kf8 12. Bg5 Qb6 13. Qxd3 Kxf7 14.
Qc4+ Ke8 15. Qe6+ Kf8 16. Qxg4 h5 17. Nh4+ Nf6 18. Qf3 Bg4 19. Qe4 Re8 20. Qg6 Qb5 21. Na3 Qe2 22. exf6 Qe6 23. fxg7+ Kg8 24. gxh8=Q+ Kxh8 25. Bf6+ Qxf6 26. Qxf6+ Kh7 27. Qg6+ 1-0

[Event "Early-Titled-Tuesday-Blitz-February-06-2024"]
[Site "Chess.com"]
[Date "2024.02.06"]
[Round "9"]
[White "Qingdom"]
[Black "alekroth65"]
[Result "0-1"]
[WhiteElo "2147"]
[BlackElo "2376"]
[TimeControl "180+1"]
[EndTime "9:44:00 PST"]
[Termination "alekroth65 won by resignation"]

1. d4 Nf6 2. Bg5 Ne4 3. Bf4 d5 4. f3 Nf6 5. e4 dxe4 6. Nc3 exf3 7. Nxf3 e6 8. Bc4 Bb4 9. Qe2 O-O 10. O-O-O Bxc3 11. bxc3 Nd5 12. Bd2 Qd6 13. Bd3 h6 14. c4 Qa3+ 15. Kb1 Nc3+ 16. Bxc3 Qxc3 17. Qe4 f5 18.
Qh4 Nc6 19. Ne5 Nxe5 20. dxe5 Qxe5 21. Rhe1 Qf6 22. Qh5 Bd7 23. Bxf5 Be8 24. Bxe6+ Qxe6 25.
Rxe6 Bxh5 26. Rd4 Rf7 27. Re5 Bg6 28. g4 Raf8 29. h4 Rf4 30. Rd7 Rxc4 31. h5 Be8 32. Rd8 Bf7 33. Rd7 Re8 34. Rb5 Re1+ 35. Kb2 Be8 36.
Rd8 b6 37. g5 c5 38. gxh6 gxh6 39. Rb3 Rb4 40. Rxb4 cxb4 41. Kb3 Kg7 42. Kxb4 Re7 43. a4 Bxh5 44. a5 bxa5+ 45. Kxa5 Bf3 46. c4 h5 47. c5 h4 48. Kb5 h3 49. Rd2 Bg2 0-1

[Event "Early-Titled-Tuesday-Blitz-February-06-2024"]
[Site "Chess.com"]
[Date "2024.02.06"]
[Round "9"]
[White "hakanazeri2"]
[Black "Bodnar_Mykola"]
[Result "0-1"]
[WhiteElo "2628"]
[BlackElo "2510"]
[TimeControl "180+1"]
[EndTime "9:44:05 PST"]
[Termination "Bodnar_Mykola won by resignation"]

1. c4 Nf6 2. Nf3 e6 3. g3 b6 4. Bg2 Bb7 5. O-O Be7 6. Nc3 O-O 7. Re1 d5 8. cxd5 Nxd5 9. e4 Nxc3 10. bxc3 c5 11. d4 cxd4 12. cxd4 Nc6 13. Bb2 Bf6 14. Rc1 Rc8 15. e5 Be7 16. d5 exd5 17. Nd4 Nxd4 18. Qxd4 Rxc1 19. Rxc1 Bc5 20. Qg4 Qe7 21. Bf1 Rd8 22.
Bd3 d4 23. Re1 Qe6 24. Qh4 Rd5 25. Qxh7+ Kf8 26. Qh8+ Ke7 27. Qxg7 Rd8 28. Bc1 Kd7 29. Bg5 Re8 30. f4 Kc8 31. Qf6 Qxa2 32. Qf5+ Kb8 33.
Re2 Qa1+ 34. Kf2 Qh1 35. Qxf7 Qg2+ 36. Ke1 Bb4+ 37. Kd1 Qf1+ 38. Kc2 Rc8+ 39. Kb2 Qc1+ 40. Ka2 Qa3+ 0-1

[Event "Early-Titled-Tuesday-Blitz-February-06-2024"]
[Site "Chess.com"]
[Date "2024.02.06"]
[Round "9"]
[White "yuriydovzik"]
[Black "emeli_chess"]
[Result "0-1"]
[WhiteElo "2205"]
[BlackElo "2406"]
[TimeControl "180+1"]
[EndTime "9:44:07 PST"]
[Termination "emeli_chess won on time"]

1. g3 f5 2. c4 Nf6 3. Qc2 d6 4. Nc3 e5 5. Bg2 Be7 6. e3 O-O 7. Nge2 a5 8. d4 c6 9. O-O Be6 10. b3 Na6 11. a3 Nc7 12. Bb2 Qe8 13. Rad1 Qh5 14. Qb1 Rae8 15. c5 dxc5 16. dxe5 Ng4 17. h3 Nxe5 18. Nf4 Qh6 19. Nxe6 Nxe6 20. Ne2 Bf6 21. Nf4 Ng5 22. Bxe5 Bxe5 23. h4 Bxf4 24. exf4 Ne4 25. Qc2 Re7 26. Bxe4 fxe4 27. Qxc5 Rfe8 28. Rfe1 Qe6 29. Qc4 Qxc4 0-1

[Event "Early-Titled-Tuesday-Blitz-February-06-2024"]
[Site "Chess.com"]
[Date "2024.02.06"]
[Round "9"]
[White "Makswolf200817"]
[Black "Janosik"]
[Result "1/2-1/2"]
[WhiteElo "2723"]
[BlackElo "2857"]
[TimeControl "180+1"]
[EndTime "9:44:09 PST"]
[Termination "Game drawn by repetition"]

1. d4 d5 2. c4 e6 3. Nf3 Nf6 4. g3 Bb4+ 5. Bd2 Bd6 6. Bg2 c6 7. O-O Nbd7 8. Qc2 O-O 9. Bc3 Ne4 10. Nbd2 f5 11. Ne1 Qf6 12. Nd3 b6 13. Nf3 Ba6 14.
cxd5 exd5 15. Rfe1 Rfe8 16. Nde5 Bxe5 17. Nxe5 Nxe5 18.
dxe5 Qe7 19. Rac1 Rad8 20. f3 Nxc3 21. Qxc3 Qxe5 22. Qxc6 Bxe2 23. Rc2 Qd4+ 24. Kh1 Qf2 25. Rf1 Qd4 26. Re1 Qf2 27. Rf1 Qd4 28. Re1 1/2-1/2